 Dungeon Crawl Stone Soup version 0.26.1-11-gd32895ea62 (webtiles) character file.

Game seed: 6786679900965130033

529 nothank2 the Covert (level 7, 0/32 HPs)
             Began as a Spriggan Enchanter on July 8, 2021.
             Was a Follower of Nemelex Xobeh.
             Slain by a leopard gecko (4 damage)
             ... on level 5 of the Dungeon.
             The game lasted 00:17:33 (5575 turns).

nothank2 the Covert (Spriggan Enchanter)            Turns: 5575, Time: 00:17:34

Health: 0/32       AC:  2    Str:  4    XL:     7   Next: 3%
Magic:  11/12      EV: 18    Int: 22    God:    Nemelex Xobeh [*.....]
Gold:   250        SH:  0    Dex: 19    Spells: 5/11 levels left

rFire    x . .     SeeInvis +   a - +1 dagger
rCold    + . .     Faith    .   (shield restricted)
rNeg     . . .     Spirit   .   b - +0 robe
rPois    .         Reflect  .   (helmet restricted)
rElec    .         Harm     .   (no cloak)
rCorr    .         Rampage  .   (gloves unavailable)
Will     +....                  (boots unavailable)
Stlth    ++++......             (no amulet)
HPRegen  0.10/turn              l - +6 ring of intelligence
MPRegen  0.13/turn              q - ring of ice

@: very quick
A: very small, unfitting armour, see invisible, speed 3
a: Renounce Religion, Draw Escape, Draw Destruction, Draw Summoning


You were on level 5 of the Dungeon.
You worshipped Nemelex Xobeh.
Nemelex Xobeh was aware of your devotion.
You visited 1 branch of the dungeon, and saw 5 of its levels.

You collected 250 gold pieces.

Inventory:

Hand Weapons
 a - a +1 dagger (weapon)
Missiles
 p - 5 boomerangs of dispersal
Armour
 b - a +0 robe (worn)
 k - a +0 animal skin
Jewellery
 l - a +6 ring of intelligence (left hand)
 q - a ring of ice (right hand)
Wands
 r - a wand of flame (5)
Scrolls
 d - 2 scrolls of teleportation {unknown}
 g - 2 scrolls of identify {unknown}
 i - a scroll of magic mapping {unknown}
 n - a scroll of remove curse {unknown}
Potions
 c - a potion of mutation {unknown}
 e - 3 potions of lignification {unknown}
 f - 2 potions of heal wounds {unknown}
 h - a potion of degeneration {unknown}
 j - 3 potions of curing {unknown}
 m - a potion of ambrosia {unknown}
 o - a potion of might {unknown}


   Skills:
 * Level 4.0 Short Blades
 - Level 3.0 Dodging
 + Level 9.0 Stealth
 + Level 2.6 Spellcasting
 - Level 6.0 Hexes


You had 5 spell levels left.
You knew the following spells:

 Your Spells              Type           Power        Failure   Level
a - Corona                Hex            32%          1%          1
b - Ensorcelled Hibernat  Hex/Ice        48%          5%          2
c - Tukima's Dance        Hex            29%          3%          3

Your spell library contained the following spells:

 Spells                   Type           Power        Failure   Level
 Confusing Touch          Hex            29%          3%          3
 Dazzling Flash           Conj/Hex       32%          11%         3


Dungeon Overview and Level Annotations

Branches:
Dungeon (5/15)
 Temple: D:4-7

Altars:
Ashenzari
Nemelex Xobeh
Trog

Shops:
D:4 *


Innate Abilities, Weirdness & Mutations

You are very small and have problems with some larger weapons.
You are too small for most types of armour.
You have supernaturally acute eyesight. (SInv)
You cover ground extremely quickly.


Message History

The puff of frost hits you. You resist.
* * * LOW HITPOINT WARNING * * *
The leopard gecko completely misses you.
You hit the white imp but do no damage.
The white imp is almost dead.
The leopard gecko barely misses you. The white imp closely misses you.
You hit the white imp but do no damage.
The white imp is almost dead.
The leopard gecko closely misses you. The white imp gestures at you.
The puff of frost hits you. You resist.
* * * LOW HITPOINT WARNING * * *
You barely miss the white imp.
The white imp is almost dead.
The leopard gecko misses you.
You barely miss the white imp.
The white imp is almost dead.
The white imp completely misses you. The leopard gecko bites you.
You die...
Your body disappears without a glow.

≈...... ≈......
.......###
.........#
.......#.#
≈..>...#.#
≈.....l#.#
≈.....5@.##
≈.........#
≈.....###.#######
≈..... #†......#
≈.### #######.# ≈
#.# ###.# #<..#
#####


You could see a white imp (corona) and a leopard gecko.

Vanquished Creatures
  A sky beast (D:5)
  2 howler monkeys (D:4)
  A centaur skeleton (D:4)
  A worker ant (D:4)
  4 gnolls (D:2)
  5 adders
  An ooze (D:3)
  4 worms
  A leopard gecko (D:4)
  10 orcs
  4 giant cockroaches
  10 goblins
  8 hobgoblins
  9 jackals
  3 quokkas
  2 ball pythons (D:4)
  4 bats
  6 frilled lizards
  10 kobolds
  4 rats
90 creatures vanquished.

Vanquished Creatures (collateral kills)
  Edmund (D:4)
1 creature vanquished.

Grand Total: 91 creatures vanquished

Notes
Turn   | Place    | Note
-------+----------+-------------------------------------------
     0 | D:1      | nothank2 the Spriggan Enchanter began the quest for the
                  | Orb.
     0 | D:1      | Reached XP level 1. HP: 9/9 MP: 5/5
   525 | D:1      | Reached XP level 2. HP: 13/13 MP: 6/6
   528 | D:1      | Learned a level 2 spell: Ensorcelled Hibernation
  1185 | D:2      | Reached skill level 5 in Hexes
  1580 | D:2      | Found a broken altar of Ashenzari.
  1624 | D:2      | Reached XP level 3. HP: 16/16 MP: 2/8
  2070 | D:2      | Reached XP level 4. HP: 21/21 MP: 0/9
  2833 | D:2      | Found a bloodstained altar of Trog.
  2998 | D:2      | Reached skill level 5 in Stealth
  3773 | D:3      | Reached XP level 5. HP: 20/24 MP: 3/10
  3837 | D:3      | Learned a level 3 spell: Tukima's Dance
  4146 | D:3      | Found a sparkling altar of Nemelex Xobeh.
  4152 | D:3      | Became a worshipper of Nemelex Xobeh the Trickster
  4447 | D:4      | Reached skill level 6 in Stealth
  4672 | D:4      | Reached skill level 7 in Stealth
  4693 | D:4      | Reached XP level 6. HP: 22/28 MP: 7/11
  4975 | D:4      | Found Qetatoboe's Serpentskin Sales.
  5185 | D:4      | Reached * piety under Nemelex Xobeh
  5212 | D:4      | Noticed Edmund
  5222 | D:4      | Killed Edmund
  5223 | D:4      | Reached skill level 8 in Stealth
  5539 | D:5      | Entered Level 5 of the Dungeon
  5544 | D:5      | Noticed a sky beast
  5550 | D:5      | Killed a sky beast
  5551 | D:5      | Reached skill level 9 in Stealth
  5551 | D:5      | Reached XP level 7. HP: 32/32 MP: 12/12
  5575 | D:5      | Slain by a leopard gecko

Illustrated notes

Levels and vault maps discovered:
D:1:      tarquinn_simple_flora_water_d, layout_loops_cross, minivault_25,
          minmay_heptomino_o4
D:2:      layout_loops_ring, lemuel_crystal_altar, trog_hazing_becter
D:3:      layout_loops_cross, lemuel_round_altar, minmay_diced_spiral
D:4:      layout_loops_ring, guppyfry_shop_venom, uniq_edmund
D:5:      layout_basic, gammafunk_ghost_gnarly_gnolls

Skill      XL: |  1  2  3  4  5  6 |
---------------+-------------------+-----
Hexes          | 4 5 6 |  6.0
Stealth        | 5 7 9 |  9.0
Short Blades   | 2 3 4 |  4.0
Dodging        | |  3.0
Spellcasting   | |  2.6

Action                   |  1- 3 |  4- 6 |  7- 9 || total
-------------------------+-------+-------+-------++-------
Melee: Dagger            |    75 |   148 |    20 ||   243
 Cast: Corona            |     5 |     4 |     2 ||    11
       Ensorcelled Hiber |    24 |    52 |       ||    76
       Tukima's Dance    |       |     2 |       ||     2
 Stab: Sleeping          |    26 |    46 |       ||    72
Armor: Robe              |     3 |     6 |     1 ||    10
Dodge: Dodged            |    70 |   111 |    25 ||   206
